[ AOE2 MATCH · #505431311 ]
UnrankedBritons vs Incas
Player's team · LOSS
Rival team · WIN
[ REPLAY ANALYSIS · EXTRACTED FROM THE RECORDED GAME ]
Feudal
8:50
Castle
23:25
Imperial
52:52
| APM avg | 39.8 |
| APM peak | 75 |
| eAPM avg | 29.7 |
| Villagers / military | 271 / 265 |
Focus
⚔️ 36.5% · 🌾 63.5%
Militia ×233 · Longbowman ×10 · Monk ×9 · Mangonel ×7 · Battering Ram ×4 · Scorpion ×1
Feudal
8:57
Castle
23:02
Imperial
56:13
| APM avg | 52.7 |
| APM peak | 82 |
| eAPM avg | 28.2 |
| Villagers / military | 205 / 25 |
Focus
⚔️ 33.8% · 🌾 66.2%
Unknown (2550) ×385 · Battering Ram ×12 · Monk ×7 · Skirmisher ×5 · Spearman ×1
Match map
Initial resources + every placement click. Lines = walls · curves = elevation contours. ◆ gold · ⬟ stone · ● berries · ✦ relic · ◌ wall gap
Your base· Open — opponent sealed themselves in
boanaan's base· ✓ Closed at 23:02 · 6t walls · no gate
Smoothed initial terrain · ◌ = detected wall gap · hover for details
Inputs per minute
— DanMT - - boanaan
Build order — DanMT
First 150 of 742 actions detected
| 0:00 | Create | Villager (Male) |
| 0:01 | Build | House |
| 0:02 | Build | House |
| 0:09 | Create | Villager (Male) |
| 0:22 | Create | Villager (Male) |
| 0:24 | Create | Villager (Male) |
| 1:29 | Create | Villager (Male) |
| 1:46 | Create | Villager (Male) |
| 2:00 | Build | Lumber Camp |
| 2:24 | Create | Villager (Male) |
| 2:42 | Create | Villager (Male) |
| 3:08 | Create | Villager (Male) |
| 3:26 | Build | House |
| 3:29 | Create | Villager (Male) |
| 4:10 | Create | Villager (Male) |
| 4:28 | Create | Villager (Male) |
| 4:48 | Create | Villager (Male) |
| 5:04 | Build | Barracks |
| 5:16 | Create | Villager (Male) |
| 5:31 | Create | Villager (Male) |
| 6:00 | Build | House |
| 6:03 | Research | Loom |
| 6:36 | Research | Feudal Age |
| 6:48 | Build | Mining Camp |
| 6:56 | Create | Militia |
| 7:09 | Create | Militia |
| 7:17 | Build | House |
| 7:25 | Create | Militia |
| 8:01 | Create | Villager (Male) |
| 8:03 | Create | Militia |
| 8:18 | Build | Mining Camp |
| 8:50 | Age | Feudal Age |
| 8:53 | Research | Man-at-Arms (upgrade) |
| 8:54 | Research | Double-Bit Axe |
| 9:11 | Create | Villager (Male) |
| 9:21 | Build | Watch Tower |
| 9:29 | Create | Villager (Male) |
| 9:50 | Build | Stone Wall |
| 9:51 | Build | Stone Wall |
| 9:52 | Build | Stone Wall |
| 9:54 | Build | Stone Wall |
| 9:55 | Build | Stone Wall |
| 9:58 | Build | Stone Wall |
| 9:58 | Build | Stone Wall |
| 10:01 | Build | Stone Wall |
| 10:03 | Build | Stone Wall |
| 10:07 | Create | Villager (Male) |
| 10:10 | Build | House |
| 10:16 | Create | Villager (Male) |
| 10:20 | Build | House |
| 10:21 | Build | House |
| 10:28 | Build | Mill |
| 10:38 | Create | Militia |
| 10:46 | Build | Stone Wall |
| 10:47 | Build | Stone Wall |
| 10:49 | Build | Stone Wall |
| 10:50 | Build | Stone Wall |
| 10:54 | Build | Stone Wall |
| 10:58 | Create | Villager (Male) |
| 11:08 | Create | Militia |
| 11:12 | Build | Farm |
| 11:14 | Build | House |
| 11:26 | Create | Villager (Male) |
| 11:46 | Build | Farm |
| 11:46 | Create | Villager (Male) |
| 11:53 | Create | Villager (Male) |
| 12:00 | Create | Militia |
| 12:13 | Create | Villager (Male) |
| 12:20 | Create | Militia |
| 12:34 | Create | Villager (Male) |
| 12:40 | Create | Villager (Male) |
| 12:48 | Create | Militia |
| 12:51 | Build | Watch Tower |
| 12:56 | Create | Villager (Male) |
| 13:05 | Build | Farm |
| 13:06 | Build | Farm |
| 13:07 | Build | Farm |
| 13:25 | Create | Villager (Male) |
| 13:36 | Build | Farm |
| 13:37 | Build | Farm |
| 14:02 | Research | Arson |
| 14:05 | Build | Farm |
| 14:06 | Build | Farm |
| 14:25 | Create | Villager (Male) |
| 14:29 | Build | House |
| 14:31 | Build | House |
| 14:42 | Create | Villager (Male) |
| 14:45 | Build | Farm |
| 14:48 | Build | House |
| 14:54 | Build | Mill |
| 15:12 | Create | Villager (Male) |
| 15:19 | Create | Villager (Male) |
| 15:42 | Create | Villager (Male) |
| 15:42 | Build | Blacksmith |
| 15:53 | Build | Watch Tower |
| 16:03 | Create | Villager (Male) |
| 16:08 | Create | Militia |
| 16:08 | Create | Militia |
| 16:10 | Create | Villager (Male) |
| 16:27 | Research | Scale Mail Armor |
| 16:29 | Build | Farm |
| 16:37 | Research | Horse Collar |
| 16:42 | Build | Farm |
| 16:46 | Create | Villager (Male) |
| 17:00 | Build | Farm |
| 17:02 | Create | Villager (Male) |
| 17:05 | Create | Militia |
| 17:11 | Build | House |
| 17:12 | Build | House |
| 17:23 | Build | Farm |
| 17:39 | Create | Villager (Male) |
| 17:54 | Build | Farm |
| 17:55 | Research | Forging |
| 18:00 | Create | Villager (Male) |
| 18:13 | Create | Villager (Male) |
| 18:19 | Create | Militia |
| 18:23 | Build | Watch Tower |
| 18:29 | Create | Villager (Male) |
| 18:35 | Create | Villager (Male) |
| 18:36 | Build | Farm |
| 18:50 | Create | Villager (Male) |
| 18:52 | Build | House |
| 19:00 | Build | Watch Tower |
| 19:04 | Create | Villager (Male) |
| 19:09 | Create | Militia |
| 19:13 | Build | House |
| 19:21 | Build | Market |
| 19:59 | Create | Villager (Male) |
| 20:06 | Build | House |
| 20:08 | Build | House |
| 20:11 | Build | House |
| 20:15 | Create | Villager (Male) |
| 20:26 | Build | Farm |
| 20:45 | Research | Castle Age |
| 20:57 | Build | Watch Tower |
| 21:12 | Create | Militia |
| 21:16 | Research | Gold Mining |
| 21:55 | Create | Militia |
| 22:15 | Build | House |
| 22:17 | Build | House |
| 22:23 | Research | Town Watch |
| 22:49 | Build | Gate |
| 23:08 | Create | Villager (Male) |
| 23:25 | Age | Castle Age |
| 23:30 | Build | Watch Tower |
| 23:31 | Research | Long Swordsman (upgrade) |
| 23:35 | Research | Chain Mail Armor |
| 23:38 | Create | Militia |
| 23:39 | Create | Villager (Male) |
| 23:47 | Create | Villager (Male) |
Build order — boanaan
First 150 of 606 actions detected
| 0:00 | Create | Villager (Male) |
| 0:02 | Build | House |
| 0:03 | Build | House |
| 0:10 | Create | Villager (Male) |
| 0:10 | Create | Villager (Male) |
| 0:25 | Create | Villager (Male) |
| 1:26 | Create | Villager (Male) |
| 1:50 | Build | Settlement |
| 1:58 | Create | Villager (Male) |
| 2:25 | Create | Villager (Male) |
| 2:49 | Create | Villager (Male) |
| 3:14 | Create | Villager (Male) |
| 3:47 | Create | Villager (Male) |
| 4:03 | Create | Villager (Male) |
| 4:42 | Create | Villager (Male) |
| 4:42 | Create | Villager (Male) |
| 4:43 | Create | Villager (Male) |
| 4:55 | Build | Barracks |
| 5:09 | Create | Villager (Male) |
| 5:59 | Create | Villager (Male) |
| 6:12 | Build | Settlement |
| 6:20 | Research | Loom |
| 6:41 | Research | Feudal Age |
| 7:08 | Create | Unit 2550 |
| 7:10 | Create | Unit 2550 |
| 7:35 | Build | Settlement |
| 7:44 | Build | Palisade Wall |
| 7:47 | Build | Palisade Wall |
| 8:18 | Create | Unit 2550 |
| 8:31 | Create | Villager (Male) |
| 8:57 | Age | Feudal Age |
| 9:02 | Research | Double-Bit Axe |
| 9:11 | Research | Tech 1402 |
| 9:15 | Create | Villager (Male) |
| 9:15 | Create | Villager (Male) |
| 9:51 | Build | Archery Range |
| 10:08 | Create | Villager (Male) |
| 10:27 | Create | Unit 2550 |
| 10:29 | Create | Spearman |
| 10:39 | Create | Villager (Male) |
| 10:58 | Create | Skirmisher |
| 11:05 | Build | Blacksmith |
| 11:08 | Build | Farm |
| 11:08 | Create | Villager (Male) |
| 11:29 | Create | Villager (Male) |
| 11:39 | Build | Farm |
| 11:41 | Build | Farm |
| 12:00 | Create | Villager (Male) |
| 12:02 | Build | Farm |
| 12:36 | Create | Villager (Male) |
| 12:39 | Build | Farm |
| 12:47 | Build | Market |
| 12:51 | Create | Skirmisher |
| 12:53 | Build | House |
| 12:55 | Build | Settlement |
| 13:14 | Build | Palisade Wall |
| 13:18 | Create | Villager (Male) |
| 13:27 | Build | Farm |
| 13:45 | Create | Villager (Male) |
| 13:58 | Research | Scale Mail Armor |
| 14:01 | Build | Farm |
| 14:09 | Create | Unit 2550 |
| 14:09 | Create | Unit 2550 |
| 14:16 | Create | Villager (Male) |
| 14:25 | Build | Farm |
| 14:32 | Research | Horse Collar |
| 14:37 | Build | Palisade Wall |
| 14:41 | Build | Palisade Wall |
| 14:43 | Build | Palisade Wall |
| 14:45 | Create | Villager (Male) |
| 14:50 | Create | Unit 2550 |
| 14:57 | Build | Farm |
| 14:59 | Build | Farm |
| 15:02 | Build | Farm |
| 15:06 | Create | Villager (Male) |
| 15:23 | Create | Villager (Male) |
| 15:35 | Create | Villager (Male) |
| 15:41 | Create | Unit 2550 |
| 15:49 | Build | Settlement |
| 15:55 | Build | Farm |
| 15:58 | Build | Farm |
| 16:01 | Build | Farm |
| 16:01 | Create | Villager (Male) |
| 16:20 | Create | Villager (Male) |
| 16:34 | Build | Farm |
| 16:36 | Build | Farm |
| 16:37 | Create | Villager (Male) |
| 16:44 | Create | Unit 2550 |
| 17:15 | Create | Skirmisher |
| 17:21 | Create | Villager (Male) |
| 17:32 | Build | House |
| 17:36 | Create | Unit 2550 |
| 17:43 | Create | Villager (Male) |
| 17:48 | Create | Skirmisher |
| 18:10 | Create | Skirmisher |
| 18:13 | Create | Villager (Male) |
| 18:33 | Build | Watch Tower |
| 18:39 | Create | Villager (Male) |
| 18:51 | Create | Unit 2550 |
| 19:12 | Create | Villager (Male) |
| 19:29 | Build | Market |
| 19:36 | Create | Villager (Male) |
| 20:02 | Build | House |
| 20:09 | Build | Settlement |
| 20:22 | Research | Castle Age |
| 20:26 | Build | Farm |
| 20:36 | Build | Farm |
| 20:36 | Build | Farm |
| 20:42 | Create | Unit 2550 |
| 20:51 | Build | Barracks |
| 20:54 | Build | Barracks |
| 21:03 | Create | Unit 2550 |
| 21:07 | Research | Forging |
| 21:30 | Create | Villager (Male) |
| 21:39 | Build | Settlement |
| 21:41 | Create | Unit 2550 |
| 21:44 | Create | Unit 2550 |
| 21:46 | Create | Unit 2550 |
| 22:26 | Create | Unit 2550 |
| 22:26 | Create | Unit 2550 |
| 22:29 | Create | Unit 2550 |
| 22:42 | Create | Villager (Male) |
| 23:02 | Age | Castle Age |
| 23:04 | Build | Town Center |
| 23:05 | Research | Tech 1351 |
| 23:13 | Research | Chain Mail Armor |
| 23:24 | Build | Siege Workshop |
| 23:26 | Create | Villager (Male) |
| 23:40 | Create | Unit 2550 |
| 24:01 | Create | Villager (Male) |
| 24:18 | Create | Unit 2550 |
| 24:18 | Create | Unit 2550 |
| 24:19 | Create | Villager (Male) |
| 24:26 | Create | Battering Ram |
| 24:32 | Create | Villager (Male) |
| 24:34 | Create | Villager (Male) |
| 24:48 | Create | Villager (Male) |
| 25:07 | Create | Villager (Male) |
| 25:10 | Create | Villager (Male) |
| 25:23 | Create | Villager (Male) |
| 25:25 | Create | Unit 2550 |
| 25:37 | Build | Farm |
| 25:38 | Build | Farm |
| 25:38 | Build | Farm |
| 25:38 | Build | Farm |
| 25:50 | Create | Villager (Male) |
| 26:09 | Build | Town Center |
| 26:10 | Create | Villager (Male) |
| 26:11 | Create | Villager (Male) |
| 26:18 | Create | Villager (Male) |
Match timeline
| 4:55 | boanaan · first_building Barracks |
| 5:04 | DanMT · first_building Barracks |
| 7:44 | boanaan · wall_segment Palisade Wall x1 |
| 7:47 | boanaan · wall_segment Palisade Wall x1 |
| 8:50 | DanMT · age_up feudal |
| 8:57 | boanaan · age_up feudal |
| 9:50 | DanMT · wall_segment Stone Wall x1 |
| 9:51 | boanaan · first_building Archery Range |
| 9:51 | DanMT · wall_segment Stone Wall x1 |
| 9:52 | DanMT · wall_segment Stone Wall x1 |
| 9:54 | DanMT · wall_segment Stone Wall x1 |
| 9:55 | DanMT · wall_segment Stone Wall x1 |
| 9:58 | DanMT · wall_segment Stone Wall x1 |
| 9:58 | DanMT · wall_segment Stone Wall x1 |
| 10:01 | DanMT · wall_segment Stone Wall x1 |
| 10:03 | DanMT · wall_segment Stone Wall x1 |
| 10:46 | DanMT · wall_segment Stone Wall x2 |
| 10:47 | DanMT · wall_segment Stone Wall x1 |
| 10:49 | DanMT · wall_segment Stone Wall x1 |
| 10:50 | DanMT · wall_segment Stone Wall x1 |
| 10:54 | DanMT · wall_segment Stone Wall x1 |
| 13:14 | boanaan · wall_segment Palisade Wall x1 |
| 14:07 | boanaan · first_market_sell 100 wood |
| 14:37 | boanaan · wall_segment Palisade Wall x1 |
| 14:41 | boanaan · wall_segment Palisade Wall x1 |
| 14:43 | boanaan · wall_segment Palisade Wall x1 |
| 20:28 | DanMT · first_market_buy 100 food |
| 20:31 | DanMT · first_market_sell 100 wood |
| 23:02 | boanaan · age_up castle |
| 23:24 | boanaan · first_building Siege Workshop |
| 23:25 | DanMT · age_up castle |
| 23:54 | DanMT · wall_segment Stone Wall x1 |
| 23:55 | DanMT · wall_segment Stone Wall x1 |
| 23:56 | DanMT · wall_segment Stone Wall x1 |
| 27:20 | boanaan · first_market_buy 100 food |
| 27:46 | DanMT · first_building Siege Workshop |
| 28:58 | DanMT · first_building Monastery |
| 29:30 | boanaan · first_building Monastery |
| 37:57 | DanMT · first_building Castle |
| 42:49 | DanMT · wall_segment Stone Wall x1 |
| 43:19 | DanMT · wall_segment Stone Wall x1 |
| 44:15 | DanMT · wall_segment Stone Wall x1 |
| 46:33 | DanMT · wall_segment Stone Wall x3 |
| 46:40 | DanMT · wall_segment Stone Wall x24 |
| 47:17 | DanMT · wall_segment Palisade Wall x1 |
| 48:22 | DanMT · wall_segment Stone Wall x21 |
| 48:30 | DanMT · wall_segment Stone Wall x15 |
| 50:14 | DanMT · wall_segment Stone Wall x1 |
| 50:34 | DanMT · wall_segment Stone Wall x1 |
| 52:21 | DanMT · wall_segment Stone Wall x1 |
| 52:22 | DanMT · wall_segment Stone Wall x1 |
| 52:23 | DanMT · wall_segment Stone Wall x1 |
| 52:26 | DanMT · wall_segment Stone Wall x1 |
| 52:52 | DanMT · age_up imperial |
| 56:13 | boanaan · age_up imperial |
| 58:21 | boanaan · first_building Castle |
| 59:21 | DanMT · wall_segment Stone Wall x1 |
| 59:24 | DanMT · wall_segment Stone Wall x1 |
| 61:59 | DanMT · resign |
[ AI ANALYSIS · 1 CREDIT ]
What really happened in this match?
Wolo.gg analyzes every decision: build order, eco, micro, common mistakes by bracket. Personalized analysis on WhatsApp or Discord in 30 seconds.
Civ guide
Britons
Perfil
Jugador #267857